 Dungeon Crawl Stone Soup version 0.15.2 (webtiles) character file.

69 SoulStice the Ducker (level 4, -4/37 HPs)
             Began as a Minotaur Gladiator on Mar 31, 2015.
             Slain by Grinder (8 damage)
             ... on Level 3 of the Dungeon on Apr 1, 2015.
             The game lasted 00:25:56 (1988 turns).

SoulStice the Ducker (Minotaur Gladiator)           Turns: 1988, Time: 00:25:56

HP  -4/37        AC  5     Str 20      XL: 4   Next:  2%
MP   2/2         EV 10     Int  5      God:
Gold 99          SH  0     Dex 11      Spells:  0 memorised,  3 levels left

rFire  . . .     SeeInvis .     p - -2 whip (curse)
rCold  + . .     Clarity  .     l - +0 ring mail
rNeg   . . .     rCorr    .     (no shield)
rPois  .         rRot     .     c - +0 hat
rElec  .         Spirit   .     (no cloak)
SustAb .         Warding  .     (no gloves)
rMut   .         Stasis   .     (no boots)
Gourm  .                        (no amulet)
MR     .....                    (no ring)
                                j - ring of protection from cold

@: not resistant to hostile enchantments, very unstealthy
A: retaliatory headbutt, horns 2
a: no special abilities


You were on level 3 of the Dungeon.
You were not hungry.

You visited 1 branch of the dungeon, and saw 3 of its levels.

You collected 99 gold pieces.

Inventory:

Hand weapons
 a - a +0 flail
 k - a +0 dagger
 p - a cursed -2 whip (weapon)
Missiles
 d - 3 throwing nets (quivered)
 i - 14 bolts of flame
 m - 6 silver bolts
 r - 36 poisoned needles
Armour
 b - a +0 leather armour
 c - a +0 hat (worn)
 l - a +0 ring mail (worn)
Magical devices
 q - a wand of random effects (6) {unknown}
Comestibles
 f - a bread ration
 n - a royal jelly
Scrolls
 g - 2 scrolls of teleportation {unknown}
 h - a scroll of remove curse {unknown}
 o - a scroll of identify {unknown}
Jewellery
 j - a ring of protection from cold (left hand)
Potions
 e - a potion of flight


   Skills:
 + Level 2.9 Fighting
 + Level 4.3 Maces & Flails
 + Level 2.1 Throwing
 + Level 1.0 Armour
 + Level 4.4 Dodging


You had 3 spell levels left.
You didn't know any spells.

Dungeon Overview and Level Annotations

Branches:
Dungeon (3/15)

Altars:
Sif Muna

Annotations:
D:3 Grinder


Innate Abilities, Weirdness & Mutations

You reflexively headbutt those who attack you in melee.
You have a pair of horns on your head.


Message History

Grinder hits you but does no damage.
You can move again.
Unknown command.
You hit Grinder but do no damage.
Grinder is heavily wounded.
Grinder barely misses you.
You closely miss Grinder. You headbutt Grinder.
Grinder is heavily wounded.
Grinder hits you.
You writhe in agony.
You barely miss Grinder.
Grinder is heavily wounded.
You closely miss Grinder.
Grinder is heavily wounded.
Grinder gestures at you. Pain shoots through your body!
* * * LOW HITPOINT WARNING * * *
You hit Grinder.
Grinder is heavily wounded.
Grinder hits you!
You die...

**,* *.* #...._..## *,,* ##+##
#...#.#..## *,** ##...##
#.........# *,** ##.....##
###.####..#
****,,****##.......## #..###..#
,,,,,,,,,*#.........####.(.#...#
<,,,,,,,,,+.........+........#.#
,***,,,*,*#.........####...#.#.#
,* **,**,*##....@..## #..##.#.#
,****,**,* ##...5.## #.......#
,,,,,,,,,** ##...## #####.###
*,,,,,,,,,* ##%## #.#
*,***,**#,* #.# #.# *,*
*,**#.#***#.############.# *,*
*,,,,,..,##.#.%..........# *,*
*****,*#.#....############ *,*
*,*#......#


You could see Grinder.

Vanquished Creatures
  Ijyb (D:3)
  2 adders (D:3)
  2 giant geckos (D:3)
  3 orcs (D:3)
  3 bats (D:3)
  4 goblins
  3 hobgoblins (D:1)
  A kobold (D:1)
  A giant cockroach (D:1)
  5 giant newts
  A quokka (D:2)
  A rat skeleton (D:3)
27 creatures vanquished.

Notes
Turn   | Place    | Note
--------------------------------------------------------------
     0 | D:1      | SoulStice, the Minotaur Gladiator, began the quest for the Orb.
     0 | D:1      | Reached XP level 1. HP: 18/18 MP: 1/1
   683 | D:1      | Reached XP level 2. HP: 25/25 MP: 1/1
   943 | D:3      | Reached skill level 4 in Dodging
   965 | D:3      | HP: 1/25 [poisoned by an adder]
  1127 | D:3      | Reached XP level 3. HP: 3/30 MP: 2/2
  1656 | D:3      | Found a deep blue altar of Sif Muna.
  1702 | D:3      | Noticed Ijyb
  1719 | D:3      | Killed Ijyb
  1732 | D:3      | Reached skill level 1 in Armour
  1753 | D:3      | Reached XP level 4. HP: 14/37 MP: 2/2
  1962 | D:3      | Noticed Grinder
  1977 | D:3      | Paralysed by Grinder for 6 turns
  1988 | D:3      | Slain by Grinder

Action                   |  1- 3 |  4- 6 || total
-------------------------+-------+-------++-------
Melee: Whip              |    92 |    15 ||   107
       Mace              |     4 |       ||     4
       Flail             |     3 |       ||     3
  Use: Potion            |     2 |       ||     2
       Scroll            |     2 |       ||     2
  Eat: Beef jerky        |     1 |       ||     1
       Bread ration      |     1 |       ||     1
